[Event "ICC Open 2015"]
[Site "Internet Chess Club"]
[Date "2015.05.29"]
[Round "4"]
[White "Uwak"]
[Black "LastKeks"]
[Result "1-0"]
[ICCResult "Black forfeits on time"]
[WhiteElo "2535"]
[BlackElo "3134"]
[Opening "King's Indian: fianchetto, classical variation"]
[ECO "E67"]
[NIC "KI.65"]
[Time "19:49:31"]
[TimeControl "180+0"]

1. Nf3 Nf6 2. c4 g6 3. g3 Bg7 4. Bg2 O-O 5. O-O d6 6. d4 Nbd7 7. Nc3 e5 8.
h3 c6 9. Be3 a6 10. Qc1 e4 11. Nd2 d5 12. b4 Re8 13. a4 Nf8 14. b5 Ne6 15.
c5 Nxc5 16. Nxd5 Nxd5 17. Qxc5 axb5 18. axb5 Rxa1 19. Rxa1 Nxe3 20. fxe3 f5
21. bxc6 bxc6 22. Qxc6 Be6 23. Ra7 Bd5 24. Qc7 Qxc7 25. Rxc7 Bh6 26. Kf2 Ra8
27. Rd7 Ra3 28. Nf1 Bc4 29. Rc7 Bb5 30. Rb7 Ba6 31. Rb2 Kf7 32. g4 Ke6 33.
gxf5+ gxf5 34. h4 Kf6 35. Bh3 Bc4 36. Rc2 Ra4 37. Nd2 Be6 38. Rc6 Ra3 39.
Nxe4+ Ke7 40. Rc3 Ra2 41. Ng5 Bd7 42. e4 Bb5 43. Rc7+ Kd6 44. Rxh7 Rxe2+ 45.
Kf3 Bxg5 46. hxg5 fxe4+ 47. Kf4 Bd3 48. Bg4 Rf2+ 49. Ke3 Rg2 50. Kf4 e3 51.
Rh6+ Kd5 52. Kxe3 Rg3+ 53. Kf4 Rg1 54. Bf3+ Kxd4 55. Rd6+ Kc3 56. Rc6+ Kd2
57. Re6 Kc3 58. Rc6+ Kd4 59. Rf6 Kc3 60. Rd6 {Black forfeits on time} 1-0

[Event "ICC Open 2015"]
[Site "Internet Chess Club"]
[Date "2015.05.29"]
[Round "4"]
[White "Gambit101"]
[Black "gmgattass"]
[Result "0-1"]
[ICCResult "White forfeits on time"]
[WhiteElo "3038"]
[BlackElo "2268"]
[Opening "French: Tarrasch, closed variation, main line"]
[ECO "C06"]
[NIC "FR.17"]
[Time "19:49:33"]
[TimeControl "180+0"]

1. e4 e6 2. d4 d5 3. Nd2 Nf6 4. e5 Nfd7 5. Bd3 c5 6. c3 Nc6 7. Ne2 cxd4 8.
cxd4 f6 9. exf6 Nxf6 10. O-O Bd6 11. Nf3 O-O 12. Bf4 Bxf4 13. Nxf4 Qd6 14.
Qc1 e5 15. dxe5 Nxe5 16. Nxe5 Qxe5 17. Re1 Qd6 18. h3 Bd7 19. Ne2 Rac8 20.
Qg5 Rfe8 21. Rad1 Re5 22. Qd2 Rce8 23. Nd4 Rxe1+ 24. Rxe1 Rxe1+ 25. Qxe1 a6
26. Qe3 b5 27. g4 h6 28. Kg2 Qf8 29. f3 Qe8 30. Kf2 Qxe3+ 31. Kxe3 Kf7 32.
Nb3 Ke7 33. Nc5 Bc8 34. Kd4 Kd6 35. b4 Nd7 36. Bf5 Nb6 37. Bxc8 Nxc8 38.
Nxa6 Ne7 39. a3 Ng6 40. Nc5 Nf4 41. h4 Ne2+ 42. Ke3 Nc3 43. Nb3 Nb1 44. Nd4
Nxa3 45. Nf5+ Ke5 46. Nxg7 Nc2+ 47. Kd2 Nxb4 48. h5 Nc6 49. Nf5 Kf4 50. Nxh6
Ne5 51. Kc3 Nxf3 52. Nf7 Ng5 53. Nh6 Ke3 54. Nf5+ Kf4 55. Nh6 Ke3 56. Kb4
Ke4 57. Nf5 Kf4 58. Nh6 Ke3 59. Kxb5 Ke4 60. Kc5 Ke5 61. Nf5 Ke4 62. h6 Nh7
63. Ne7 d4 64. Nc6 d3 65. Na5 d2 66. Nc4 d1=Q 67. Kb4 Qb1+ 68. Kc5 Qc1 69.
Kb5 Qb1+ {White forfeits on time} 0-1

[Event "ICC Open 2015"]
[Site "Internet Chess Club"]
[Date "2015.05.29"]
[Round "4"]
[White "slothchess"]
[Black "Mormegil"]
[Result "1-0"]
[ICCResult "Black resigns"]
[WhiteElo "1477"]
[BlackElo "1711"]
[Opening "French: exchange variation"]
[ECO "C01"]
[NIC "FR.01"]
[Time "19:49:54"]
[TimeControl "180+0"]

1. e4 e6 2. d4 d5 3. exd5 exd5 4. Nf3 Bg4 5. Be2 c6 6. O-O Bd6 7. h3 Bh5 8.
c4 Nf6 9. cxd5 Nxd5 10. Nc3 Nxc3 11. bxc3 O-O 12. Re1 Nd7 13. Be3 Nf6 14.
Qb3 b6 15. Rad1 Qc7 16. Nd2 Bxe2 17. Rxe2 Rfe8 18. Rde1 Nd5 19. Nc4 Nxe3 20.
Rxe3 Rxe3 21. Rxe3 Bf8 22. Ne5 Rd8 23. Rf3 Rd7 24. Nxd7 Qxd7 25. Qc4 c5 26.
a4 cxd4 27. cxd4 g6 28. Re3 Bh6 29. Rd3 Qe7 30. Rd1 Bg7 31. d5 Be5 32. Qc6
Bd6 33. Qc8+ Kg7 34. Qc3+ Kg8 35. Qc8+ Kg7 36. Qg4 h5 37. Qd4+ Kh7 38. Qe3
Qf6 39. Qd4 Be5 40. Qd3 Bd6 41. Qa6 Bc5 42. Qe2 Bd6 43. Qe3 Kg8 44. a5 Bc5
45. Qd2 bxa5 46. d6 Bb6 47. d7 Bd8 48. Rc1 Qe7 49. Rc8 Kg7 50. Ra8 a4 51.
Rxa7 a3 52. Qd4+ Kh7 53. Qd2 Qc5 54. Ra5 Qe7 55. Qc2 Qe6 56. Rxh5+ Kg7 57.
Ra5 Qxd7 58. Qc3+ Bf6 59. Qxa3 Qd1+ 60. Kh2 Qd6+ 61. Qxd6 {Black resigns}
1-0

[Event "ICC Open 2015"]
[Site "Internet Chess Club"]
[Date "2015.05.29"]
[Round "4"]
[White "Mardaker"]
[Black "Cristhian-ator"]
[Result "1-0"]
[ICCResult "Black forfeits on time"]
[WhiteElo "2759"]
[BlackElo "2443"]
[Opening "Queen's pawn game"]
[ECO "A46"]
[NIC "QP.06"]
[Time "19:50:16"]
[TimeControl "180+0"]

1. d4 Nf6 2. Nf3 e6 3. g3 c5 4. Bg2 cxd4 5. Nxd4 d5 6. O-O e5 7. Nb3 Be7 8.
Bg5 Be6 9. e3 O-O 10. Nc3 Nbd7 11. Qe2 h6 12. Bxf6 Nxf6 13. Rad1 a6 14. Rd2
Qd7 15. Rfd1 Bg4 16. Bf3 Bxf3 17. Qxf3 Bb4 18. Rxd5 Nxd5 19. Nxd5 Qb5 20. a4
Qxa4 21. Qg4 Rfd8 22. Nc5 Qxc2 23. Nd7 Rxd7 24. Nf6+ Kh8 25. Rxd7 gxf6 26.
Rxf7 Bf8 27. e4 Qc1+ 28. Kg2 Qg5 29. Qd7 Bg7 30. Qxb7 Rg8 31. Qxa6 Qg6 32.
Qb7 Rd8 33. Rc7 Rd4 34. Kf3 h5 35. h3 f5 36. Qc8+ Kh7 37. Qxf5 Qxf5+ 38.
exf5 {Black forfeits on time} 1-0

[Event "ICC Open 2015"]
[Site "Internet Chess Club"]
[Date "2015.05.29"]
[Round "4"]
[White "BigSerge"]
[Black "smyslovVchess"]
[Result "1-0"]
[ICCResult "Black forfeits on time"]
[WhiteElo "1954"]
[BlackElo "1630"]
[Opening "KGD: Falkbeer, 4.d3"]
[ECO "C32"]
[NIC "KG.04"]
[Time "19:52:00"]
[TimeControl "180+0"]

1. e4 e5 2. f4 d5 3. exd5 e4 4. d3 Qxd5 5. Nc3 Bb4 6. Bd2 Bxc3 7. Bxc3 Nf6
8. Bxf6 gxf6 9. dxe4 Qxe4+ 10. Qe2 f5 11. O-O-O Nc6 12. Qd2 Be6 13. Bd3 Qd5
14. a3 O-O-O 15. Nf3 Qa2 16. Qc3 Rhg8 17. g3 Kb8 18. Rhe1 h5 19. b4 a6 20.
Qb2 Qd5 21. Ne5 Nxe5 22. Rxe5 Qf3 23. b5 a5 24. b6 c6 25. Rxa5 Qe3+ 26. Kb1
Rd5 27. Rxd5 Bxd5 28. Qb4 Kc8 29. Re1 Qf2 30. Re7 Qg1+ 31. Kb2 Be6 32. Rc7+
Kb8 33. a4 Rc8 34. Re7 c5 35. Qb5 c4 36. Be2 Qd4+ 37. Ka3 Qd6+ 38. Qb4 Qxb4+
39. Kxb4 Rc6 40. Rxb7+ Kxb7 41. Bf3 {Black forfeits on time} 1-0

[Event "ICC Open 2015"]
[Site "Internet Chess Club"]
[Date "2015.05.29"]
[Round "4"]
[White "RaiseTheCurve"]
[Black "chabotheking"]
[Result "0-1"]
[ICCResult "White checkmated"]
[WhiteElo "1955"]
[BlackElo "2353"]
[Opening "Van't Kruijs opening"]
[ECO "A00"]
[Time "19:55:52"]
[TimeControl "180+0"]

1. e3 e5 2. b3 d5 3. Bb2 Bd6 4. f4 exf4 5. exf4 Nf6 6. Nf3 O-O 7. Be2 c5 8.
O-O d4 9. a4 Nc6 10. g3 Bh3 11. Re1 Re8 12. Na3 b6 13. Nc4 Be6 14. Nfe5 Bxe5
15. Nxe5 Nxe5 16. fxe5 Nd5 17. c3 dxc3 18. dxc3 Ne3 19. Qc1 Nf5 20. Qf4 Ne7
21. Rad1 Qc7 22. c4 Rad8 23. Bd3 Ng6 24. Bxg6 hxg6 25. Rd2 Rxd2 26. Qxd2 Rd8
27. Qc2 Bf5 28. Qe2 Qd7 29. Kf2 Qd3 30. Qxd3 Rxd3 31. Re3 Rd2+ 32. Re2 Rxe2+
33. Kxe2 Bc2 34. a5 Bxb3 35. Kd3 Ba4 36. axb6 axb6 37. Bc1 Kf8 38. Bf4 Ke7
39. Bg5+ Kd7 40. Ke4 Bc6+ 41. Kd3 Bb7 42. Bh4 Kc7 43. Ke3 Bc8 44. Kd3 Bf5+
45. Ke3 Kd7 46. Kf4 Bd3 47. g4 Bxc4 48. Bg5 Be6 49. Kg3 b5 50. Kh4 b4 51. h3
b3 52. Bf4 c4 53. Bc1 c3 54. Ba3 b2 55. Bxb2 cxb2 56. g5 b1=Q 57. Kg3 Qf5
58. Kh4 Qf4# {White checkmated} 0-1

[Event "ICC Open 2015"]
[Site "Internet Chess Club"]
[Date "2015.05.29"]
[Round "5"]
[White "franco"]
[Black "Abbas-Child"]
[Result "0-1"]
[ICCResult "White checkmated"]
[WhiteElo "1283"]
[BlackElo "1278"]
[Opening "Sicilian: Grand Prix attack"]
[ECO "B21"]
[NIC "SI.48"]
[Time "20:08:31"]
[TimeControl "180+0"]

1. e4 c5 2. f4 d6 3. Nf3 Nc6 4. d4 cxd4 5. Nxd4 e5 6. fxe5 dxe5 7. Nxc6
Qxd1+ 8. Kxd1 bxc6 9. Bc4 Bg4+ 10. Kd2 O-O-O+ 11. Ke3 Bc5# {White
checkmated} 0-1

[Event "ICC Open 2015"]
[Site "Internet Chess Club"]
[Date "2015.05.29"]
[Round "5"]
[White "KingsServant"]
[Black "Nightlife"]
[Result "0-1"]
[ICCResult "White resigns"]
[WhiteElo "1495"]
[BlackElo "1852"]
[Opening "French: Winawer (Nimzovich) variation"]
[ECO "C15"]
[NIC "FR.08"]
[Time "20:09:02"]
[TimeControl "180+0"]

1. e4 e6 2. d4 d5 3. Nc3 Bb4 4. a3 Bxc3+ 5. bxc3 dxe4 6. Qg4 Nf6 7. Qxg7 Rg8
8. Qh6 Rg6 9. Qe3 Nc6 10. Ne2 Ne7 11. Nf4 Ned5 12. Nxd5 exd5 13. g3 Ng4 14.
Bg2 Nxe3 {White resigns} 0-1

[Event "ICC Open 2015"]
[Site "Internet Chess Club"]
[Date "2015.05.29"]
[Round "5"]
[White "santiagoelawad"]
[Black "rismail"]
[Result "1-0"]
[ICCResult "Black resigns"]
[WhiteElo "2044"]
[BlackElo "1711"]
[Opening "English opening"]
[ECO "A10"]
[NIC "EO.64"]
[Time "20:08:22"]
[TimeControl "180+0"]

1. c4 d6 2. Nf3 e5 3. Nc3 g6 4. g3 h5 5. Bg2 Qe7 6. d4 Nd7 7. Bg5 Ngf6 8.
Nd5 Qd8 9. dxe5 dxe5 10. Nxf6+ Nxf6 11. Qxd8+ Kxd8 12. Bxf6+ Be7 13. Bxh8 f6
14. O-O-O+ Ke8 15. Nh4 Kf7 16. Bd5+ Be6 17. Bxe6+ Kxe6 18. Nxg6 Kf7 19. Nxe7
Kxe7 20. Bg7 Rg8 21. Bh6 {Black resigns} 1-0

[Event "ICC Open 2015"]
[Site "Internet Chess Club"]
[Date "2015.05.29"]
[Round "5"]
[White "waynehatcher"]
[Black "DropZone"]
[Result "0-1"]
[ICCResult "White resigns"]
[WhiteElo "1736"]
[BlackElo "2106"]
[Opening "English: Caro-Kann defensive system"]
[ECO "A12"]
[NIC "QP.09"]
[Time "20:08:26"]
[TimeControl "180+0"]

1. Nf3 d5 2. c4 c6 3. b3 Bf5 4. Bb2 e6 5. g3 h6 6. Bg2 Nf6 7. d3 Be7 8. O-O
O-O 9. Nbd2 Nbd7 10. Re1 a5 11. e4 dxe4 12. dxe4 Bh7 13. Nd4 Nc5 14. f3 Nd3
15. Qc2 Nxb2 16. Qxb2 Bc5 {White resigns} 0-1

[Event "ICC Open 2015"]
[Site "Internet Chess Club"]
[Date "2015.05.29"]
[Round "5"]
[White "Prof-chess"]
[Black "ChenRichard"]
[Result "1-0"]
[ICCResult "Black resigns"]
[WhiteElo "2798"]
[BlackElo "2308"]
[Opening "French: Wing gambit"]
[ECO "C00"]
[NIC "FR.01"]
[Time "20:08:22"]
[TimeControl "180+0"]

1. e4 e6 2. Nf3 d5 3. e5 c5 4. b4 d4 5. Bb2 b6 6. Bb5+ Bd7 7. Qe2 a6 8. Bd3
Bc6 9. O-O Ne7 10. c3 dxc3 11. Nxc3 Ng6 12. Ne4 Be7 13. Qe3 Nd7 14. Nd6+
Bxd6 15. exd6 O-O 16. Bxg6 hxg6 17. Ne5 cxb4 18. Nxc6 {Black resigns} 1-0

[Event "ICC Open 2015"]
[Site "Internet Chess Club"]
[Date "2015.05.29"]
[Round "5"]
[White "jewels2"]
[Black "Knight83"]
[Result "1-0"]
[ICCResult "Black checkmated"]
[WhiteElo "1336"]
[BlackElo "1298"]
[Opening "QGD semi-Slav: Meran, 8...a6"]
[ECO "D48"]
[NIC "SL.09"]
[Time "20:08:10"]
[TimeControl "180+0"]

1. d4 d5 2. c4 c6 3. Nc3 Nf6 4. Nf3 e6 5. e3 Nbd7 6. Bd3 dxc4 7. Bxc4 b5 8.
Bd3 a6 9. e4 Bb7 10. e5 Nd5 11. Nxd5 cxd5 12. Bg5 Be7 13. h4 h6 14. Be3 O-O
15. Rc1 Rc8 16. Bb1 Rxc1 17. Bxc1 Qc7 18. O-O Rc8 19. Be3 Nb6 20. Qd3 Qc4
21. Qh7+ Kf8 22. Qh8# {Black checkmated} 1-0

[Event "ICC Open 2015"]
[Site "Internet Chess Club"]
[Date "2015.05.29"]
[Round "5"]
[White "paraguayo"]
[Black "dietcoke"]
[Result "0-1"]
[ICCResult "White checkmated"]
[WhiteElo "1759"]
[BlackElo "2162"]
[Opening "Ruy Lopez: Bird's defense"]
[ECO "C61"]
[NIC "RL.05"]
[Time "20:08:21"]
[TimeControl "180+0"]

1. e4 e5 2. Nf3 Nc6 3. Bb5 Nd4 4. Bc4 Bc5 5. O-O d6 6. c3 Nxf3+ 7. Qxf3 Qf6
8. Qe2 Ne7 9. b4 Bb6 10. a4 a5 11. b5 O-O 12. Bb2 Be6 13. Na3 Ng6 14. g3 Bh3
15. Rfe1 Nf4 16. Qd1 Nd3 17. Re3 Qxf2+ 18. Kh1 Bg2# {White checkmated} 0-1

[Event "ICC Open 2015"]
[Site "Internet Chess Club"]
[Date "2015.05.29"]
[Round "5"]
[White "bgLom"]
[Black "Ricardov"]
[Result "0-1"]
[ICCResult "White resigns"]
[WhiteElo "1801"]
[BlackElo "2330"]
[Opening "Scotch gambit: Dubois-Réti defense"]
[ECO "C55"]
[NIC "KP.02"]
[Time "20:08:43"]
[TimeControl "180+0"]

1. e4 e5 2. Nf3 Nc6 3. d4 exd4 4. Bc4 Nf6 5. e5 Ne4 6. Bd5 Nc5 7. O-O Ne6 8.
c3 dxc3 9. Nxc3 d6 10. exd6 Bxd6 11. Be3 Ne7 12. Bc4 O-O 13. Rc1 c6 14. h3
Nf5 15. Bg5 Nxg5 16. Nxg5 Qxg5 17. Ne4 Qf4 18. Nxd6 Qxd6 {White resigns} 0-1

[Event "ICC Open 2015"]
[Site "Internet Chess Club"]
[Date "2015.05.29"]
[Round "5"]
[White "BillietheKid"]
[Black "TheLoneKing1"]
[Result "0-1"]
[ICCResult "White resigns"]
[WhiteElo "1450"]
[BlackElo "1982"]
[Opening "French: advance, Euwe variation"]
[ECO "C02"]
[NIC "FR.03"]
[Time "20:08:50"]
[TimeControl "180+0"]

1. e4 e6 2. d4 d5 3. e5 c5 4. c3 Nc6 5. Nf3 Bd7 6. Bd3 Qb6 7. O-O cxd4 8.
cxd4 Nxd4 9. Nxd4 Qxd4 10. Re1 Qb6 11. Nc3 a6 12. a3 Rc8 13. Rb1 Bc5 14. Na4
Bxf2+ 15. Kh1 Bxa4 16. Qxa4+ Qc6 17. Rf1 Qxa4 {White resigns} 0-1

[Event "ICC Open 2015"]
[Site "Internet Chess Club"]
[Date "2015.05.29"]
[Round "5"]
[White "antizwi"]
[Black "nurmi"]
[Result "0-1"]
[ICCResult "White resigns"]
[WhiteElo "1954"]
[BlackElo "2232"]
[Opening "Philidor: Improved Hanham variation"]
[ECO "B07"]
[NIC "PU.08"]
[Time "20:08:03"]
[TimeControl "180+0"]

1. e4 d6 2. d4 Nf6 3. Nc3 e5 4. Nf3 Nbd7 5. Be2 Be7 6. O-O O-O 7. Re1 c6 8.
a4 a5 9. b3 Re8 10. Ba3 Bf8 11. Bc4 h6 12. dxe5 Nxe5 13. Nxe5 Rxe5 14. f3
Qc7 15. Qd2 Be6 16. f4 Rh5 17. Be2 Rh4 18. g3 Qb6+ 19. Kh1 Rxh2+ 20. Kxh2
Qf2+ 21. Kh1 Ng4 22. Bxg4 Qxd2 23. Bh3 Bxh3 {White resigns} 0-1

[Event "ICC Open 2015"]
[Site "Internet Chess Club"]
[Date "2015.05.29"]
[Round "5"]
[White "PADILLON2189"]
[Black "MD1"]
[Result "1-0"]
[ICCResult "Black resigns"]
[WhiteElo "2029"]
[BlackElo "1604"]
[Opening "Dutch with c4 & Nc3"]
[ECO "A85"]
[NIC "HD.05"]
[Time "20:09:01"]
[TimeControl "180+0"]

1. d4 f5 2. c4 Nf6 3. Nc3 e6 4. Nf3 Be7 5. g3 O-O 6. Bg2 b6 7. O-O Bb7 8. d5
exd5 9. cxd5 d6 10. Nd4 Bc8 11. Qc2 g6 12. Ncb5 a6 13. Nxc7 Ra7 14. Nce6
Bxe6 15. Nxe6 Qd7 16. Nxf8 Kxf8 17. Bh6+ Kg8 18. Rac1 Qb5 19. Qc8+ Kf7 20.
Qxb8 Nxd5 21. Qxa7 {Black resigns} 1-0

[Event "ICC Open 2015"]
[Site "Internet Chess Club"]
[Date "2015.05.29"]
[Round "5"]
[White "gonesailing"]
[Black "Capaman"]
[Result "0-1"]
[ICCResult "White resigns"]
[WhiteElo "1596"]
[BlackElo "2016"]
[Opening "French: Tarrasch, open variation"]
[ECO "C07"]
[NIC "FR.18"]
[Time "20:08:52"]
[TimeControl "180+0"]

1. e4 e6 2. d4 d5 3. Nd2 c5 4. c3 Nc6 5. e5 cxd4 6. Bb5 dxc3 7. bxc3 Qb6 8.
Rb1 Bd7 9. Ngf3 Qc7 10. O-O Nh6 11. c4 Be7 12. cxd5 exd5 13. Re1 Be6 14. Nf1
Nf5 15. Ng3 Nxg3 16. hxg3 O-O 17. Bd3 h6 18. Bc2 Nb4 19. Rxb4 Bxb4 20. Qd3
g6 21. Rd1 Qc4 22. Qd2 Bxd2 {White resigns} 0-1

[Event "ICC Open 2015"]
[Site "Internet Chess Club"]
[Date "2015.05.29"]
[Round "5"]
[White "Womacka"]
[Black "JCarllsen"]
[Result "1-0"]
[ICCResult "Black resigns"]
[WhiteElo "2409"]
[BlackElo "1843"]
[Opening "Caro-Kann: classical, Spassky variation"]
[ECO "B19"]
[NIC "CK.12"]
[Time "20:09:04"]
[TimeControl "180+0"]

1. e4 c6 2. d4 d5 3. Nd2 dxe4 4. Nxe4 Bf5 5. Ng3 Bg6 6. h4 h6 7. Nf3 Nd7 8.
h5 Bh7 9. Bd3 Bxd3 10. Qxd3 e6 11. Bd2 Ngf6 12. O-O-O Be7 13. Ne4 Qc7 14.
Kb1 Rd8 15. g4 c5 16. g5 hxg5 17. Nexg5 cxd4 18. Nxe6 fxe6 19. Qg6+ Kf8 20.
Ng5 Ne5 21. Nxe6+ {Black resigns} 1-0

[Event "ICC Open 2015"]
[Site "Internet Chess Club"]
[Date "2015.05.29"]
[Round "5"]
[White "youngjp"]
[Black "Blondicheck"]
[Result "1-0"]
[ICCResult "Black resigns"]
[WhiteElo "1955"]
[BlackElo "1551"]
[Opening "Ruy Lopez: open (Tarrasch) defense"]
[ECO "C80"]
[NIC "RL.27"]
[Time "20:09:14"]
[TimeControl "180+0"]

1. e4 e5 2. Nf3 Nc6 3. Bb5 a6 4. Ba4 Nf6 5. O-O Nxe4 6. Re1 Nc5 7. Bxc6 dxc6
8. Nxe5 Be6 9. d4 Nd7 10. f4 Bd6 11. f5 Bxf5 12. Nxc6+ Kf8 13. Nxd8 Rxd8 14.
Nc3 Nf6 15. Bg5 Ng4 16. Bxd8 {Black resigns} 1-0

[Event "ICC Open 2015"]
[Site "Internet Chess Club"]
[Date "2015.05.29"]
[Round "5"]
[White "playwaycool"]
[Black "BlitzPawn94"]
[Result "1-0"]
[ICCResult "Black resigns"]
[WhiteElo "2326"]
[BlackElo "2694"]
[Opening "Trompowsky attack (Ruth, Opocenský opening)"]
[ECO "A45"]
[NIC "QP.07"]
[Time "20:08:00"]
[TimeControl "180+0"]

1. d4 Nf6 2. Bg5 g6 3. Bxf6 exf6 4. e3 Bg7 5. Ne2 O-O 6. h4 b6 7. h5 Bb7 8.
hxg6 fxg6 9. Nf4 f5 10. Bc4+ d5 11. Bb3 Qd7 12. c4 c6 13. Nc3 g5 14. cxd5 c5
15. d6+ Rf7 16. Ne6 h6 17. Nc7 cxd4 18. exd4 Bxg2 19. Rg1 Qxd6 20. Nxa8 Bxa8
21. Bxf7+ Kxf7 22. Qb3+ Kg6 23. O-O-O h5 24. Rde1 Bf6 25. Qg8+ Kh6 26. Re6
Qxd4 27. Qxb8 Bd5 28. Qf8+ Kg6 29. Qxf6+ Qxf6 30. Rxf6+ Kxf6 31. Nxd5+
{Black resigns}
1-0

[Event "ICC Open 2015"]
[Site "Internet Chess Club"]
[Date "2015.05.29"]
[Round "5"]
[White "Oblique"]
[Black "xionoula"]
[Result "0-1"]
[ICCResult "White resigns"]
[WhiteElo "1727"]
[BlackElo "2187"]
[Opening "QGD Slav: 4.Nc3"]
[ECO "D15"]
[NIC "SL.03"]
[Time "20:08:24"]
[TimeControl "180+0"]

1. d4 d5 2. c4 c6 3. Nf3 Nf6 4. Nc3 a6 5. cxd5 cxd5 6. Bf4 Nc6 7. e3 e6 8.
h3 Bd6 9. Bxd6 Qxd6 10. Bd3 O-O 11. Rc1 b5 12. a3 Bb7 13. b4 Nd7 14. O-O Nb6
15. Nd2 Nc4 16. Bxc4 bxc4 17. b5 axb5 18. Nxb5 Qd7 19. Ra1 Ne5 20. Nc3 Nd3
21. Qc2 Bc6 22. a4 Ra5 23. Rfb1 Rfa8 24. Rb6 g6 25. e4 Bxa4 26. Nxa4 Rxa4
27. Rxa4 Qxa4 28. exd5 Qxc2 {White resigns} 0-1

[Event "ICC Open 2015"]
[Site "Internet Chess Club"]
[Date "2015.05.29"]
[Round "5"]
[White "Cristhian-ator"]
[Black "TallTower"]
[Result "1-0"]
[ICCResult "Black resigns"]
[WhiteElo "2406"]
[BlackElo "1761"]
[Opening "English: Neo-Catalan declined"]
[ECO "E08"]
[NIC "QP.11"]
[Time "20:10:32"]
[TimeControl "180+0"]

1. Nf3 Nf6 2. g3 d5 3. Bg2 e6 4. O-O Be7 5. c4 O-O 6. d4 c6 7. Qc2 Nbd7 8.
Rd1 b6 9. Bf4 Bb7 10. Nc3 c5 11. cxd5 Nxd5 12. Nxd5 Bxd5 13. e4 Bb7 14. dxc5
Bxc5 15. Qa4 Bc8 16. Ne5 {Black resigns} 1-0

[Event "ICC Open 2015"]
[Site "Internet Chess Club"]
[Date "2015.05.29"]
[Round "5"]
[White "Estocolmov"]
[Black "Pancake"]
[Result "1-0"]
[ICCResult "Black checkmated"]
[WhiteElo "2224"]
[BlackElo "1750"]
[Opening "QGD semi-Slav"]
[ECO "D43"]
[NIC "SL.03"]
[Time "20:08:39"]
[TimeControl "180+0"]

1. d4 d5 2. c4 c6 3. Nc3 Nf6 4. Nf3 e6 5. Bg5 h6 6. Bh4 dxc4 7. e4 g5 8. Bg3
b5 9. e5 Nd5 10. Be2 Bb7 11. O-O Nd7 12. a4 a6 13. Ne4 Be7 14. Nd6+ Bxd6 15.
exd6 Qf6 16. Ne5 Qf5 17. Bg4 Qh7 18. Bh5 Nxe5 19. dxe5 O-O-O 20. Qd2 f5 21.
exf6 Nxf6 22. Qa5 Nxh5 23. Be5 Rhf8 24. axb5 cxb5 25. b3 Qe4 26. Qc7#
{Black checkmated}
1-0

[Event "ICC Open 2015"]
[Site "Internet Chess Club"]
[Date "2015.05.29"]
[Round "5"]
[White "RLH2"]
[Black "LeGoat"]
[Result "1-0"]
[ICCResult "Black resigns"]
[WhiteElo "2847"]
[BlackElo "1632"]
[Opening "Nimzovich-Larsen attack: Indian variation"]
[ECO "A01"]
[NIC "VO.08"]
[Time "20:09:04"]
[TimeControl "180+0"]

1. b3 Nf6 2. Bb2 g6 3. Nf3 Bg7 4. c4 O-O 5. Nc3 d6 6. g3 Nc6 7. Bg2 Bg4 8.
O-O Qd7 9. d4 Bh3 10. d5 Ne5 11. Nxe5 dxe5 12. Qd3 Bxg2 13. Kxg2 Qg4 14. f3
Qg5 15. e4 Nd7 16. Nb5 Rfc8 17. Rad1 Nc5 18. Qe2 a6 19. Nc3 f5 20. Kh1 Rf8
21. b4 Nd7 22. c5 fxe4 23. Nxe4 Qh5 24. Bc1 Bh6 25. g4 Qh3 26. Qg2 Qxg2+ 27.
Kxg2 Nf6 28. Bxh6 Nxe4 {Black resigns} 1-0

[Event "ICC Open 2015"]
[Site "Internet Chess Club"]
[Date "2015.05.29"]
[Round "5"]
[White "Mormegil"]
[Black "brizito"]
[Result "0-1"]
[ICCResult "White checkmated"]
[WhiteElo "1688"]
[BlackElo "1571"]
[Opening "Sicilian: Alapin's variation (2.c3)"]
[ECO "B22"]
[NIC "SI.46"]
[Time "20:09:33"]
[TimeControl "180+0"]

1. e4 c5 2. c3 d5 3. exd5 Qxd5 4. d4 Nc6 5. Nf3 Bf5 6. Na3 cxd4 7. Nb5 O-O-O
8. Nbxd4 e5 9. Be3 exd4 10. cxd4 Bb4+ 11. Nd2 Nxd4 12. Bf4 Nc2+ 13. Ke2 Qd3#
{White checkmated}
0-1

[Event "ICC Open 2015"]
[Site "Internet Chess Club"]
[Date "2015.05.29"]
[Round "5"]
[White "NAS"]
[Black "ChessNakas"]
[Result "1-0"]
[ICCResult "Black checkmated"]
[WhiteElo "1768"]
[BlackElo "2089"]
[Opening "French: Paulsen variation"]
[ECO "C10"]
[NIC "FR.04"]
[Time "20:08:36"]
[TimeControl "180+0"]

1. e4 e6 2. d4 d5 3. Nc3 Nc6 4. Nf3 Nf6 5. Bg5 Be7 6. e5 Ne4 7. Bxe7 Qxe7 8.
Bd3 Qb4 9. O-O Nxc3 10. bxc3 Qxc3 11. Rb1 h6 12. Rb3 Qa5 13. a3 O-O 14. Nh4
Nxd4 15. Bh7+ Kxh7 16. Qxd4 c5 17. Qg4 Qc7 18. f4 Qe7 19. Rg3 Rg8 20. Nf3 f5
21. Qg6+ Kh8 22. Rh3 Qe8 23. Rxh6+ gxh6 24. Qxh6# {Black checkmated} 1-0

[Event "ICC Open 2015"]
[Site "Internet Chess Club"]
[Date "2015.05.29"]
[Round "5"]
[White "isodung"]
[Black "Uwak"]
[Result "1-0"]
[ICCResult "Black resigns"]
[WhiteElo "2692"]
[BlackElo "2525"]
[Opening "French: Two knights variation"]
[ECO "C00"]
[NIC "FR.01"]
[Time "20:08:16"]
[TimeControl "180+0"]

1. e4 e6 2. Nc3 d5 3. Nf3 Nf6 4. e5 Nfd7 5. d4 c5 6. dxc5 Nc6 7. Bf4 Bxc5 8.
Bd3 a6 9. a3 Qc7 10. Qe2 b5 11. h4 Bb7 12. h5 h6 13. Kf1 Nb6 14. Rd1 Nc4 15.
b4 Ba7 16. Bxc4 bxc4 17. Be3 Bxe3 18. Qxe3 Ne7 19. Nd4 O-O 20. Rh3 Kh8 21.
Rg3 Nc6 22. Nxc6 Bxc6 23. Rd4 f6 24. Rdg4 Qxe5 25. Qc5 Rac8 26. Rxg7 d4 27.
Rh7+ Kxh7 28. Qe7+ {Black resigns} 1-0

[Event "ICC Open 2015"]
[Site "Internet Chess Club"]
[Date "2015.05.29"]
[Round "5"]
[White "marabu"]
[Black "jupiter26"]
[Result "1-0"]
[ICCResult "Black resigns"]
[WhiteElo "2019"]
[BlackElo "1546"]
[Opening "English: Bremen system with ...g6"]
[ECO "A24"]
[NIC "EO.14"]
[Time "20:08:02"]
[TimeControl "180+0"]

1. c4 e5 2. Nc3 Nf6 3. g3 g6 4. Bg2 Bg7 5. e3 Nc6 6. Nge2 O-O 7. O-O Nb4 8.
d3 d6 9. a3 Nc6 10. b4 a6 11. Bb2 Be6 12. Nd5 Bxd5 13. cxd5 Ne7 14. e4 c6
15. dxc6 Nxc6 16. Rc1 Rc8 17. Qb3 Qb6 18. Rc2 a5 19. b5 Nd4 20. Nxd4 exd4
21. Rfc1 Rxc2 22. Rxc2 Nd7 23. Qd5 Nc5 24. Bxd4 Qxb5 25. Rb2 Qxd3 26. Bxg7
Qxd5 27. exd5 Kxg7 28. Rb6 Rd8 29. f4 Kf6 30. Kf2 Ke7 31. Ke3 Ra8 32. Kd4
Ra6 33. Rb5 Kd7 34. g4 Kc7 35. f5 Rb6 36. Rxb6 Kxb6 37. h4 Nb3+ 38. Kc3 a4
39. Kb4 Nc5 40. Kc4 Ka5 41. fxg6 b5+ 42. Kc3 fxg6 43. Bf3 Nd7 44. Be4 Ne5
45. g5 Kb6 46. Kb4 Nd7 47. h5 Ne5 48. h6 Nd7 49. Bxg6 Nf8 50. Bf5 Ka6 51.
Bd3 Nd7 52. Bxb5+ Kb6 53. Bxd7 {Black resigns} 1-0